 Dungeon Sprint DCSS version 0.19.0-20-gbc5f0c6 (webtiles) character file.

477 equalderp2856 the Gouger (level 6, 0/33 HPs)
             Began as a Felid Fighter on Nov 16, 2016.
             Slain by a death yak (5 damage)
             ... in the Dungeon (Sprint IX: "|||||||||||||||||||||||||||||").
             The game lasted 00:02:40 (615 turns).

equalderp2856 the Gouger (Felid Fighter)             Turns: 615, Time: 00:02:41

Health: 0/33       AC:  2    Str: 19    XL:     6   Next: 85%
Magic:  7/7        EV: 26    Int:  9    God:
Gold:   0          SH:  0    Dex: 17    Spells: 0 memorised, 5 levels left
                                        Lives:  0   Deaths: 2

rFire  . . .     SeeInvis +       - Unarmed
rCold  . . .     Gourm    .     (armour unavailable)
rNeg   . . .     Faith    .     (shield unavailable)
rPois  .         Spirit   .     (helmet unavailable)
rElec  .         Reflect  .     (cloak unavailable)
rCorr  .         Harm     .     (gloves unavailable)
MR     .....     NoTele   +     (boots unavailable)
Stlth  ++++......               (no amulet)
                                m - +3 ring of strength
                                n - +3 ring of strength

@: quick
A: no armour, no weapons or thrown items, stealth, claws 1, fangs 3, see
invisible, carnivore 3, speed 1, shaggy fur 2, slow metabolism 1, sharp paws
a: no special abilities


You were in the Dungeon.
You were not hungry.

You visited 1 branch

Inventory:

Jewellery
 m - a +3 ring of strength (right paw)
 n - a +3 ring of strength (left paw)
Wands
 l - a wand of lightning (7/15)
Scrolls
 h - a scroll of blinking
 j - 3 scrolls of remove curse
 k - 2 scrolls of amnesia
Potions
 a - a potion of might
 c - 5 potions of curing
 d - 3 potions of heal wounds
 e - a potion of haste
 f - 4 potions of magic
 g - a potion of berserk rage
 i - a potion of invisibility
Comestibles
 b - 13 meat rations


   Skills:
 + Level 7.8 Fighting
 + Level 10.7 Dodging
 + Level 6.5 Stealth
 + Level 14.1 Unarmed Combat


You had 5 spell levels left.
You didn't know any spells.

Dungeon Overview and Level Annotations

Branches:
Dungeon (1/1)

Altars:
Cheibriados
Dithmenos
Elyvilon
Fedhas
Gozag
Hepliaklqana
Kikubaaqudgha
Makhleb
Nemelex Xobeh
Okawaru
Qazlal
Ru
Sif Muna
Trog
Uskayaw
Vehumet
Xom
Yredelemnul
Zin
The Shining One
Beogh
Jiyva
Lugonu

Annotations:
D Psyche


Innate Abilities, Weirdness & Mutations

You cannot wear armour.
You are incapable of wielding weapons or throwing items.
Your paws allow you to move quietly. (Stealth)
You have sharp claws.
You have razor-sharp teeth.
You have supernaturally acute eyesight. (SInv)
You are carnivorous and can eat meat at any time.
You cover ground quickly.
You are covered in thick fur. (AC +2)
You have a slow metabolism.
Your sharp claws are effective at attacking unaware monsters.


Message History

You claw the death yak!
The death yak is lightly wounded.
The death yak gores you!!
Ouch! That really hurt!
You barely miss the death yak.
You claw the death yak, but do no damage.
You bite the death yak, but do no damage.
The death yak is lightly wounded.
The death yak closely misses you.
You scratch the death yak. Your claw misses the death yak.
The death yak is moderately wounded.
The death yak snorts and paws the ground.
The death yak gores you.
* * * LOW HITPOINT WARNING * * *
You barely miss the death yak.
The death yak is moderately wounded.
You claw the death yak!
The death yak is moderately wounded.
The death yak gores you.
You die...

▓▓▓▓▓▓▓▓▓▓▓▓▓▓▓▓▓▓▓▓▓▓▓▓▓▓▓
__.'..|)[[[..'.††..††ecOx..
▓▓▓▓▓▓▓▓▓▓▓▓▓▓▓▓▓▓▓▓▓▓▓▓▓▓▓
▓▓▓▓▓▓▓▓▓▓▓▓▓▓▓▓▓▓▓▓▓▓▓▓▓▓▓▓
+........?!?(@YY[[[[..YYY..▓
▓▓▓▓▓▓▓▓▓▓▓▓▓▓▓▓▓▓▓▓▓▓▓▓▓▓▓▓▓.▓
......@†.....Y.....Y......Y...▓
▓▓▓▓▓▓▓▓▓▓▓▓▓▓▓▓▓▓▓▓▓▓▓▓▓▓▓▓▓▓▓


You could see 2 death yaks.

Vanquished Creatures
  A death yak (D)
  A hippogriff (D)
  A mottled dragon (D)
  An eye of draining (D)
  A bullfrog (D)
  A killer bee (D)
  2 howler monkeys (D)
  A hound (D)
  An iguana (D)
  2 bats (D)
  A bat skeleton (D)
  A giant cockroach (D)
  A hobgoblin (D)
  A ball python skeleton (D)
  A frilled lizard (D)
  A quokka skeleton (D)
  A rat (D)
19 creatures vanquished.

Notes
Turn   | Place    | Note
-------+----------+-------------------------------------------
     0 | D        | equalderp2856 the Felid Fighter began the quest for the Orb.
     0 | D        | Reached XP level 1. HP: 10/10 MP: 2/2
    29 | D        | Noticed a howler monkey
    29 | D        | Noticed a howler monkey
    32 | D        | Killed a howler monkey
    32 | D        | Reached skill level 5 in Dodging
    32 | D        | Reached skill level 6 in Unarmed Combat
    32 | D        | Reached XP level 2. HP: 11/15 MP: 3/3
    32 | D        | Reached XP level 3. HP: 14/18 MP: 4/4
    50 | D        | Reached skill level 1 in Stealth
    50 | D        | Reached skill level 7 in Unarmed Combat
    50 | D        | Reached XP level 4. HP: 18/22 MP: 5/5
   107 | D        | Found a roughly hewn altar of Beogh.
   107 | D        | Found a snail-covered altar of Cheibriados.
   107 | D        | Found a shadowy altar of Dithmenos.
   107 | D        | Found a white marble altar of Elyvilon.
   107 | D        | Found a blossoming altar of Fedhas.
   107 | D        | Found an opulent altar of Gozag.
   108 | D        | Found a hazy altar of Hepliaklqana.
   109 | D        | Found a viscous altar of Jiyva.
   110 | D        | Found an ancient bone altar of Kikubaaqudgha.
   111 | D        | Found a corrupted altar of Lugonu.
   112 | D        | Found a burning altar of Makhleb.
   113 | D        | Found a sparkling altar of Nemelex Xobeh.
   114 | D        | Found an iron altar of Okawaru.
   115 | D        | Found a stormy altar of Qazlal.
   116 | D        | Found a sacrificial altar of Ru.
   117 | D        | Found a deep blue altar of Sif Muna.
   118 | D        | Found a bloodstained altar of Trog.
   119 | D        | Found a hide-covered altar of Uskayaw.
   120 | D        | Found a radiant altar of Vehumet.
   121 | D        | Found a shimmering altar of Xom.
   122 | D        | Found a basalt altar of Yredelemnul.
   123 | D        | Found a glowing silver altar of Zin.
   124 | D        | Found a glowing golden altar of the Shining One.
   150 | D        | Noticed a hippogriff
   150 | D        | Noticed a bullfrog
   150 | D        | Noticed an eye of draining
   152 | D        | Killed a hippogriff
   152 | D        | Reached skill level 5 in Fighting
   152 | D        | Reached skill level 10 in Unarmed Combat
   152 | D        | Reached XP level 5. HP: 27/27 MP: 6/6
   154 | D        | Gained mutation: You are covered in thick fur. (AC +2) [Felid growth]
   154 | D        | Reached XP level 6. HP: 31/31 MP: 7/7
   161 | D        | Reached skill level 11 in Unarmed Combat
   282 | D        | Noticed a mottled dragon
   282 | D        | Noticed a deep elf mage
   282 | D        | Noticed an unseen horror
   298 | D        | Killed a mottled dragon
   298 | D        | Reached skill level 5 in Stealth
   298 | D        | Reached skill level 12 in Unarmed Combat
   298 | D        | Reached XP level 7. HP: 17/36 MP: 8/8
   298 | D        | Killed from afar by a deep elf mage
   299 | D        | Reached XP level 6. HP: -20/33 MP: 7/7
   306 | D        | Noticed a yak
   306 | D        | Noticed a death yak
   307 | D        | Noticed a death yak
   308 | D        | Noticed a catoblepas
   309 | D        | Noticed a death yak
   311 | D        | Noticed a death yak
   314 | D        | Noticed a death yak
   320 | D        | Killed a death yak
   320 | D        | Reached skill level 10 in Dodging
   320 | D        | Reached skill level 14 in Unarmed Combat
   320 | D        | Reached XP level 7. HP: 15/36 MP: 8/8
   573 | D        | HP: 1/36 [death yak (23)]
   593 | D        | Noticed Psyche
   600 | D        | Killed from afar by Psyche
   601 | D        | Reached XP level 6. HP: -5/33 MP: 7/7
   606 | D        | Noticed a death yak
   615 | D        | Slain by a death yak

Skill      XL: |  1  2  3  4  5  6 |
---------------+-------------------+-----
Fighting       | 4 5 6 7 |  7.8
Dodging        | 5 6 8 10 | 10.7
Unarmed Combat | 6 7 10 14 | 14.1
Stealth        | 1 2 3 6 |  6.5

Action                   |  1- 3 |  4- 6 |  7- 9 || total
-------------------------+-------+-------+-------++-------
Melee: Unarmed           |    24 |    50 |     7 ||    81
       Bite              |     1 |    10 |     2 ||    13
       Punch             |       |     4 |     1 ||     5
  Use: Scroll            |       |       |     1 ||     1
 Stab: Sleeping          |     1 |     2 |       ||     3
Armor: Skin              |     1 |       |       ||     1
Dodge: Dodged            |    16 |    24 |     1 ||    41
